 Dungeon Crawl Stone Soup version 0.21.1-1-g345015fe64 (webtiles) character file.

51 Peloso the Skirmisher (level 3, -9/33 HPs)
             Began as a Minotaur Fighter on July 4, 2018.
             Mangled by a two-headed ogre
             ... wielding a +0 giant spiked club
              (13 damage)
             ... on level 3 of the Dungeon.
             The game lasted 00:02:06 (1607 turns).

Peloso the Skirmisher (Minotaur Fighter)            Turns: 1607, Time: 00:02:07

Health: -9/33      AC:  8    Str: 25    XL:     3   Next: 58%
Magic:  2/2        EV:  7    Int:  5    God:
Gold:   74         SH: 10    Dex: 10    Spells: 2/2 levels left

rFire    . . .     SeeInvis .   a - +0 long sword
rCold    . . .     Gourm    .   c - +0 shield
rNeg     . . .     Faith    .   b - +0 scale mail
rPois    .         Spirit   .   (helmet restricted)
rElec    .         Reflect  .   (no cloak)
rCorr    .         Harm     .   e - +0 pair of gloves
MR       .....                  (no boots)
Stlth    ..........             (no amulet)
HPRegen  0.11/turn              (no ring)
MPRegen  0.08/turn              (no ring)

@: mighty
A: retaliatory headbutt, horns 2
a: no special abilities


You were on level 3 of the Dungeon.
You were not hungry.

You visited 1 branch of the dungeon, and saw 3 of its levels.

You collected 74 gold pieces.

Inventory:

Hand Weapons
 a - a +0 long sword (weapon)
Armour
 b - a +0 scale mail (worn)
 c - a +0 shield (worn)
 e - a +0 pair of gloves (worn)
Jewellery
 o - a cursed -6 ring of protection {unknown}
Scrolls
 g - 4 scrolls of blinking {unknown}
 h - 2 scrolls of enchant weapon {unknown}
 i - a scroll of random uselessness {unknown}
 j - a scroll of fog {unknown}
 k - a scroll of teleportation {unknown}
 l - 3 scrolls of identify {unknown}
Potions
 d - 2 potions of might
 m - a potion of heal wounds {unknown}
 n - a potion of lignification {unknown}
 p - a potion of degeneration {unknown}
 q - a potion of invisibility {unknown}
Comestibles
 f - 4 rations


   Skills:
 + Level 4.2 Fighting
 + Level 3.1 Long Blades
 + Level 4.2 Armour
 + Level 0.1 Dodging
 + Level 4.1 Shields


You had 2 spell levels left.
You didn't know any spells.

Dungeon Overview and Level Annotations

Branches:
Dungeon (3/15)

Altars:
Ashenzari
Sif Muna


Innate Abilities, Weirdness & Mutations

You reflexively headbutt those who attack you in melee.
You have a pair of horns on your head.


Message History

Found 15 arrows.
Found a stone staircase leading down.
A two-headed ogre comes into view. It is wielding two giant spiked clubs.
The two-headed ogre shouts in stereo!
You hear an angry hiss.
A two-headed ogre is nearby!
You feel very mighty all of a sudden.
You slash the two-headed ogre!
Your headbutt misses the two-headed ogre.
The two-headed ogre is moderately wounded.
You block the two-headed ogre's attack.
The two-headed ogre hits you with a giant spiked club!
You slash the two-headed ogre! You headbutt the two-headed ogre!
The two-headed ogre is severely wounded.
The two-headed ogre hits you with a giant spiked club.
The two-headed ogre hits you with a giant spiked club!
* * * LOW HITPOINT WARNING * * *
Your shield and scale mail prevent you from hitting the two-headed ogre.
The two-headed ogre is severely wounded.
The two-headed ogre hits you with a giant spiked club!
You die...

########## #......... ##
#.######## .. #.# #. #.#
###### #. #.###..... #.
#######.##...###
######.###.......#.#.#>##
...(...O@..#####..##.##.#
.>...........###........)
.#####.#####.##......##.#
#. ##.##..†...#.## ####
#. ............... ...#
## ##.##......#### ...# #
#..(....... ...###
###.####### ......
#.##.....


You could see a two-headed ogre.

Vanquished Creatures
  An adder (D:2)
  An ooze (D:2)
  An adder skeleton (D:2)
  A worm (D:3)
  2 giant cockroaches
  3 goblins
  7 hobgoblins
  A quokka (D:2)
  A bat (D:2)
  4 frilled lizards
  5 kobolds
  A quokka zombie (D:3)
  6 rats
34 creatures vanquished.

Notes
Turn   | Place    | Note
-------+----------+-------------------------------------------
     0 | D:1      | Peloso the Minotaur Fighter began the quest for the Orb.
     0 | D:1      | Reached XP level 1. HP: 19/19 MP: 0/0
   774 | D:2      | Reached XP level 2. HP: 27/27 MP: 1/1
   870 | D:2      | Reached XP level 3. HP: 32/33 MP: 2/2
  1071 | D:2      | Found a deep blue altar of Sif Muna.
  1362 | D:3      | Found a shattered altar of Ashenzari.
  1602 | D:3      | Noticed a two-headed ogre
  1607 | D:3      | Mangled by a two-headed ogre

Skill      XL: |  1  2  3 |
---------------+----------+-----
Fighting       | 4 |  4.2
Shields        | 4 |  4.1
Armour         | 4 |  4.2
Long Blades    | 3 |  3.1
Dodging        | |  0.1

Action                   || total
-------------------------++-------
Melee: Long sword        ||    84
       Headbutt          ||    13
  Use: Potion            ||     1
  Eat: Chunk             ||     2
Armor: Scale mail        ||    33
Dodge: Dodged            ||    29
Block: Shield            ||    51
       Rpst.: Long sword ||     2
